 Dungeon Crawl Stone Soup version 0.27.1-33-g824d729ab1 (webtiles) character file.

Game seed: 17100881526925221761

80 Arkad the Poker (level 4, -5/35 HPs)
             Began as a Human Monk on Dec 24, 2021.
             Slain by a gnoll (10 damage)
             ... on level 2 of the Dungeon.
             The game lasted 00:08:15 (2912 turns).

Arkad the Poker (Human Monk)                        Turns: 2912, Time: 00:08:16

Health: -5/35      AC:  2    Str: 13    XL:     4   Next: 65%
Magic:  5/5        EV:  7    Int: 10    God:
Gold:   15         SH:  0    Dex: 15    Spells: 4/4 levels left

rFire    . . .     SeeInvis .   a - +2 spear
rCold    . . .     Faith    .   (no shield)
rNeg     . . .     Spirit   .   b - +0 robe
rPois    .         Reflect  .   (no helmet)
rElec    .         Harm     .   (no cloak)
rCorr    .         Rampage  .   (no gloves)
Will     .....                  (no boots)
Stlth    ++........             (no amulet)
HPRegen  0.11/turn              (no ring)
MPRegen  0.09/turn              (no ring)

@: held
A: no striking features
a: no special abilities


You were on level 2 of the Dungeon.
You visited 1 branch of the dungeon, and saw 2 of its levels.

You collected 15 gold pieces.

Inventory:

Hand Weapons
 a - a +2 spear (weapon)
Armour
 b - a +0 robe (worn)
Magical Staves
 d - a staff of air
Scrolls
 c - a scroll of immolation {unknown}
 e - a scroll of magic mapping {unknown}
 h - 3 scrolls of amnesia {unknown}


   Skills:
 + Level 3.3 Fighting
 + Level 3.6 Polearms
 * Level 1.2 Armour
 + Level 3.5 Dodging
 + Level 2.4 Stealth
 * Level 0.8 Spellcasting


You had 4 spell levels left.
You didn't know any spells.
Your spell library contained the following spells:

 Spells                   Type           Power      Damage    Failure   Level
 Ozocubu's Armour         Ice            0%         N/A       71%         3
 Ozocubu's Refrigeration  Ice            0%         4d5       100%        7


Dungeon Overview and Level Annotations

Branches:
Dungeon (2/15)

Altars:
Zin


Message History

The gnoll shouts!
As you read the scroll of enchant weapon, it crumbles to dust.
Your +1 spear glows red for a moment.
The gnoll hits you from afar with a +0 spear.
The gnoll closely misses you.
Okay, then.
It was a potion of curing.
You feel better. The gnoll barely misses you. The gnoll misses you.
You hit the gnoll.
The gnoll is heavily wounded.
The gnoll hits you with a +0 spear.
You hit the gnoll.
The gnoll is almost dead.
You hit the gnoll.
You kill the gnoll!
Things that are here:
a +0 spear; a gnoll corpse The gnoll shouts!
You hear a shout!
The gnoll misses you.
You hit the gnoll.
The gnoll is moderately wounded.
The gnoll barely misses you.
You hit the gnoll.
The gnoll is heavily wounded.
The gnoll hits you with a +0 whip.
You hit the gnoll.
The gnoll is almost dead.
The gnoll barely misses you.
You hit the gnoll.
The gnoll is almost dead.
The gnoll throws a throwing net.
The throwing net hits you.
You become entangled in the net!
You tear a large gash into the net.
The gnoll hits you with a +0 whip.
You struggle against the net.
The gnoll barely misses you. The gnoll hits you with a +0 whip.
You struggle against the net.
The gnoll hits you with a +0 whip. The gnoll hits you with a +0 whip!
* * * LOW HITPOINT WARNING * * *
You struggle against the net.
The gnoll hits you with a +0 whip!
You die...

#########. #......
#......##.## ##......
#......##..# ###.......
#......###.##
#.....>... #......#
#..# ###.##......
#......# ##.###
####...#######.
#......# #...# #....###
####.
#......######g###.####
#....
#.......†....g@...#####
##.###
#############.#.#.)...#
##..# #
#...#####........##
#).## #####.#..# ##^#
#.. .... ##. .####.. ##
. #.# # . .


You could see 2 gnolls.

Vanquished Creatures
  An adder (D:2)
  A gnoll (D:2)
  2 dart slugs (D:2)
  4 ball pythons (D:2)
  5 bats
  4 endoplasms
  4 giant cockroaches
  A goblin (D:1)
  5 hobgoblins
  4 jackals (D:2)
  5 kobolds
  3 quokkas
  3 frilled lizards (D:1)
  8 rats
  A spectral kobold (D:1)
51 creatures vanquished.

Notes
Turn   | Place    | Note
-------+----------+-------------------------------------------
     0 | D:1      | Arkad the Human Monk began the quest for the Orb.
     0 | D:1      | Reached XP level 1. HP: 18/18 MP: 1/1
    62 | D:1      | Reached XP level 2. HP: 16/24 MP: 2/2
   288 | D:1      | Reached XP level 3. HP: 12/29 MP: 3/3
  2197 | D:1      | Found a faded altar of an unknown god.
  2404 | D:2      | Reached XP level 4. HP: 12/35 MP: 4/4
  2537 | D:2      | Reached skill level 1 in Armour
  2541 | D:2      | Found a glowing silver altar of Zin.
  2912 | D:2      | Slain by a gnoll

Illustrated notes

Levels and vault maps discovered:
D:1:      zelgadis_glass_arrival_small, layout_basic,
          dreamdust_ecumenical_altar_drowned_temple
D:2:      layout_rooms, basic_altar

Skill      XL: |  1  2  3  4 |
---------------+-------------+-----
Armour         | 1 |  1.2
Fighting       | |  3.3
Polearms       | |  3.6
Dodging        | |  3.5
Stealth        | |  2.4
Spellcasting   | |  0.8

Action                   |  1- 3 |  4- 6 || total
-------------------------+-------+-------++-------
Melee: Spear             |   138 |    68 ||   206
  Use: Potion            |     2 |     1 ||     3
       Scroll            |       |     4 ||     4
 Stab: Sleeping          |     4 |       ||     4
Armor: Robe              |    30 |    16 ||    46
Dodge: Dodged            |   102 |    47 ||   149
